cohdb
Replays
Latest Replays
All Replays
Popular Replays
Top Player Replays
Match Explorer
How It Works
Community
CoH3 Stats
Reddit
Sign in to upload your games and track your stats! →
Sign in with Steam
Match 39718880
Unlisted
Match 39718880
Overview
Messages
Build Orders
End
Construct Barracks
Engineer Squad
1⁄4-ton 4x4 Truck
Riflemen Squad
Riflemen Squad
Riflemen Squad
Construct Medical Station
Infantry Support Center
Construct Weapon Support Center
M3 Armored Personnel Carrier
Selects Heavy Weapons
Selects Assault Carriers
Selects Exchangeable Parts
M1919 Machine Gun Team
Selects M2HB .50cal Heavy Machine Gun
Grenade Package
Bazooka Squad
M1918 Browning Automatic Rifles
Bazooka Squad
Advanced Logistics
Bazooka Squad
Riflemen Squad
Selects M26 Pershing Heavy Tank
M1919 Machine Gun Team
Bazooka Squad
M26 Pershing Heavy Tank
Engineer Squad
Engineer Squad
Improved M9 Bazooka Rockets
Havoc
Reakly
0
0
Comments
sign in to comment!
No comments posted yet!